 Dungeon Crawl Stone Soup version 0.30.1-3-gfc49f6343a (webtiles) character file.

Game seed: 7630021540178122182

1349 javelincjr the Sneak (level 8, -1/51 HPs)
             Began as an Octopode Summoner on Aug 9, 2023.
             Was an Elder of Jiyva.
             Killed by the air
             ... invoked by jtron's ghost
              (16 damage)
             ... on level 5 of the Dungeon.
             The game lasted 00:21:38 (5082 turns).

javelincjr the Sneak (Octopode Summoner)            Turns: 5082, Time: 00:21:39

Health: -1/51      AC:  1    Str:  8    XL:     8   Next: 63%
Magic:  14/14      EV: 13    Int: 19    God:    Jiyva [****..]
Gold:   279        SH:  4    Dex: 12    Spells: 7/15 levels left

rFire   . . .        m - +0 trident
rCold   . . .        d - +0 buckler
rNeg    . . .        (helmet restricted)
rPois   .            (no amulet)
rElec   .            (no ring)
rCorr   +            (no ring)
SInv    .            (no ring)
Will    .....        (no ring)
Stlth   +++++        (no ring)
HPRegen 1.56/turn    (no ring)
MPRegen 0.54/turn    (no ring)
                     (no ring)

%: no passive effects
@: studying Long Blades
A: almost no armour, amphibious, 8 rings, camouflage 2, gelatinous body 1,
(nimble swimmer 1), tentacles, pseudopods 3
a: Renounce Religion, Oozemancy, Slimify


You were on level 5 of the Dungeon.
You worshipped Jiyva.
Jiyva was greatly pleased with you.
You visited 1 branch of the dungeon, and saw 5 of its levels.
You also visited: Sewer.

You collected 279 gold pieces.

Inventory:

Hand Weapons
 e - a +0 spear
 m - a +0 trident (weapon)
 q - a +1 dagger of venom
 v - a +0 whip of freezing
Missiles
 c - 4 poisoned darts
 p - a throwing net
Armour
 d - a +0 buckler (worn)
Magical Staves
 i - a staff of fire
Wands
 n - a wand of charming (13)
 r - a wand of digging (5)
Scrolls
 b - 3 scrolls of teleportation
 h - 2 scrolls of identify {unknown}
 j - a scroll of poison {unknown}
 k - a scroll of silence {unknown}
 u - a scroll of brand weapon {unknown}
Potions
 a - a potion of magic
 f - 4 potions of haste
 g - 3 potions of brilliance {unknown}
 l - a potion of ambrosia {unknown}
 o - a potion of berserk rage {unknown}
 s - 2 potions of degeneration {unknown}
 t - a potion of invisibility {unknown}


   Skills:
 + Level 2.3 Fighting
 + Level 2.2 Polearms
 + Level 4.6 Dodging
 + Level 6.7 Stealth
 + Level 2.4 Shields
 + Level 4.2 Spellcasting
 + Level 6.0 Summonings
 + Level 2.0 Translocations
 - Level 1.0 Fire Magic


You had 7 spell levels left.
You knew the following spells:

 Your Spells              Type           Power      Damage    Failure   Level
a - Summon Small Mammal   Summ           100%       N/A       1%          1
b - Call Imp              Summ           52%        N/A       2%          2
c - Call Canine Familiar  Summ           26%        N/A       5%          3
d - Blink                 Tloc           22%        N/A       14%         2

Your spell library contained the following spells:

 Spells                   Type           Power      Damage    Failure   Level
 Lesser Beckoning         Tloc           22%        N/A       14%         2
 Summon Guardian Golem    Hex/Summ       15%        N/A       19%         3
 Sandblast                Erth           8%         2d5       22%         1
 Momentum Strike          Conj/Tloc      14%        3d8       22%         2
 Passwall                 Tmut/Erth      3%         N/A       32%         2
 Volatile Blastmotes      Fire/Tloc      18%        2d11      34%         3
 Summon Lightning Spire   Summ/Air       15%        N/A       52%         4
 Stone Arrow              Conj/Erth      8%         3d7       54%         3
 Iskenderun's Mystic Bla  Conj/Tloc      7%         2d4       80%         4
 Animate Dead             Necr           4%         N/A       91%         4
 Fulminant Prism          Conj/Hex       2%         3d5       91%         4
 Borgnjor's Vile Clutch   Necr/Erth      2%         N/A       99%         5
 Lee's Rapid Deconstruct  Erth           2%         3d4*      99%         5
 Death Channel            Necr           2%         N/A       100%        6


Dungeon Overview and Level Annotations

Branches:
Dungeon (5/15)              Sewer (visited)
 Temple: D:4-7

Altars:
Ashenzari
Dithmenos
Yredelemnul
Jiyva

Shops:
D:3 [   D:4 =

Annotations:
D:5 jtron's ghost, amateur GnWn


Innate Abilities, Weirdness & Mutations

You cannot wear most types of armour.
You are amphibious.
You can wear up to eight rings at the same time.
Your skin blends seamlessly with your surroundings (Stealth++).
Your rubbery body absorbs attacks. (AC +1, EV +1)
((You are camouflaged when in or above water. (Stealth+)))
You have tentacles for arms and can constrict up to eight enemies at once.
Armour fits poorly on your massive pseudopods.


Message History

Your hound misses jtron's ghost. You closely miss jtron's ghost.
You bludgeon jtron's ghost.
Jtron's ghost is heavily damaged.
Your hound completely misses jtron's ghost.
Your cerulean imp hits jtron's ghost with a -2 spear.
Jtron's ghost hits you!
Your hound closely misses jtron's ghost.
You barely miss jtron's ghost. Your squeeze misses jtron's ghost.
Jtron's ghost is heavily damaged.
Your hound bites jtron's ghost.
Your cerulean imp hits jtron's ghost with a -2 spear.
Jtron's ghost barely misses you.
Your hound bites jtron's ghost.
You closely miss jtron's ghost.
Jtron's ghost is heavily damaged.
Jtron's ghost hits you.
Your cerulean imp hits jtron's ghost but does no damage.
Your hound barely misses jtron's ghost.
Your cerulean imp hits jtron's ghost with a -2 spear.
Jtron's ghost waves its arms in wide circles.
The air twists around and strikes you!
You are too injured to fight recklessly!
You are too injured to fight recklessly!
You barely miss jtron's ghost. Your squeeze misses jtron's ghost.
Jtron's ghost is severely damaged.
Your hound closely misses jtron's ghost.
Your hound barely misses jtron's ghost.
Jtron's ghost hits you!
Your cerulean imp closely misses jtron's ghost.
You closely miss jtron's ghost.
Jtron's ghost is severely damaged.
Your hound misses jtron's ghost.
Your cerulean imp closely misses jtron's ghost.
Your hound bites jtron's ghost.
Jtron's ghost hits you.
* * * LOW HITPOINT WARNING * * *
You hit jtron's ghost but do no damage. Your bludgeon misses jtron's ghost.
Jtron's ghost is severely damaged.
Your hound completely misses jtron's ghost.
Your cerulean imp barely misses jtron's ghost.
Jtron's ghost waves its arms in wide circles.
The air twists around and strikes you!
You die...

.........## #..# #..#
..........#########..#### #..#
........................###..#
.......J.................##..# ##
.............#########...#...###.
............##......©##..........
......<.....#8.#...#.8#..........
............#...#.#...#..........
............#..W@.....#..........
..>........©#..h5©....#©....###..
.........J.J#.........#...### #..
............#...#.#...#..## #..
............#8.#...#.8#.J# #..
............##.......##..# #.#
#............#########...# ##.#
##.......................# #..#
##.....................#### #..#


You could see jtron's ghost (ally target), 2 neutral jellies (fellow slime), a
friendly hound (summoned) and a friendly cerulean imp (summoned).

Vanquished Creatures
  Pikel (D:4)
  Pargi (Sewer)
  An ogre (D:5)
  A lemure (D:4)
  A gnoll sergeant (D:4)
  An orc priest (D:5)
  3 iguanas
  3 orc wizards
  2 adders (D:4)
  3 dart slugs
  7 orcs
  3 ball pythons
  5 bats
  2 endoplasms
  3 giant cockroaches
  8 goblins
  3 hobgoblins (D:1)
  4 jackals (D:2)
  4 kobolds
  9 quokkas
  A frilled lizard (D:1)
  5 rats
71 creatures vanquished.

Vanquished Creatures (collateral kills)
  The ghost of WaxSun the Shooter, an amateur FoHu (D:3)
  A phantom (D:5)
  A hound (D:5)
  An iguana (D:3)
  An orc wizard (D:4)
  3 adders
  A dart slug (D:1)
  11 orcs
  A ball python (D:4)
  A bat (D:1)
  2 endoplasms (D:1)
  2 giant cockroaches
  2 goblins
  3 hobgoblins
  A jackal (D:3)
  4 kobolds
  A frilled lizard (D:1)
  A rat (D:3)
38 creatures vanquished.

Vanquished Creatures (others)
  4 jellies
  2 adders (D:3)
  A dart slug (D:4)
  A ball python (D:3)
  A bat (D:3)
  A goblin (D:3)
  A kobold (D:3)
11 creatures vanquished.

Grand Total: 120 creatures vanquished

Notes
Turn   | Place    | Note
-------+----------+-------------------------------------------
     0 | D:1      | javelincjr the Octopode Summoner began the quest for the
                  | Orb.
     0 | D:1      | Reached XP level 1. HP: 11/11 MP: 3/3
    80 | D:1      | Reached XP level 2. HP: 17/17 MP: 1/5
   563 | D:1      | Reached XP level 3. HP: 13/21 MP: 4/6
   980 | D:2      | Learned a level 2 spell: Call Imp
  1625 | D:2      | Found a shadowy altar of Dithmenos.
  1798 | D:2      | Found a faded altar of an unknown god.
  1808 | D:2      | Prayed at the altar of an unknown god.
  1808 | D:2      | Became a worshipper of Jiyva Jodep the Shapeless
  1808 | D:2      | Reached * piety under Jiyva
  2016 | D:3      | Found a glowing drain.
  2035 | Sewer    | Entered a sewer
  2076 | Sewer    | Reached XP level 4. HP: 27/27 MP: 7/7
  2078 | Sewer    | Noticed Pargi
  2161 | Sewer    | Learned a level 3 spell: Call Canine Familiar
  2215 | Sewer    | Killed Pargi
  2216 | Sewer    | Reached XP level 5. HP: 28/31 MP: 7/9
  2241 | Sewer    | Reached ** piety under Jiyva
  2331 | D:3      | Noticed WaxSun's ghost (amateur FoHu)
  2339 | D:3      | Found a runed translucent gate.
  2339 | D:3      | Found a runed translucent gate.
  2459 | D:3      | Found Dausil's Antique Armour Boutique.
  2718 | D:3      | Found a runed translucent gate.
  2835 | D:3      | Killed WaxSun's ghost
  2836 | D:3      | Reached skill level 5 in Stealth
  2836 | D:3      | Reached skill level 5 in Summonings
  2836 | D:3      | Reached XP level 6. HP: 11/36 MP: 9/11
  2874 | D:4      | Found Becyfu's Jewellery Shop.
  3116 | D:4      | Reached XP level 7. HP: 42/42 MP: 9/12
  3166 | D:4      | Reached *** piety under Jiyva
  3317 | D:4      | Found a broken altar of Ashenzari.
  3317 | D:4      | Found a basalt altar of Yredelemnul.
  3392 | D:4      | Gained mutation: Armour fits poorly on your pseudopods.
                  | [Jiyva's grace]
  3392 | D:4      | Gained mutation: Armour fits poorly on your large
                  | pseudopods. [Jiyva's grace]
  3392 | D:4      | Gained mutation: Armour fits poorly on your massive
                  | pseudopods. [Jiyva's grace]
  3392 | D:4      | Gained mutation: Your skin blends seamlessly with your
                  | surroundings (Stealth++). [Jiyva's grace]
  3399 | D:4      | Reached skill level 1 in Fire Magic
  3616 | D:4      | Learned a level 2 spell: Blink
  3646 | D:5      | Entered Level 5 of the Dungeon
  3657 | D:5      | Reached skill level 1 in Fighting
  3657 | D:5      | Reached skill level 1 in Polearms
  3657 | D:5      | Reached skill level 1 in Shields
  3667 | D:5      | Reached **** piety under Jiyva
  3855 | D:5      | Found a transporter.
  3858 | D:5      | Noticed jtron's ghost (amateur GnWn)
  4047 | D:5      | Noticed Pikel
  4144 | D:5      | Reached skill level 1 in Translocations
  4175 | D:4      | Reached ***** piety under Jiyva
  4212 | D:4      | Reached XP level 8. HP: 33/48 MP: 13/13
  4397 | D:4      | Killed Pikel
  4522 | D:5      | Found a transporter.
  5082 | D:5      | Killed from afar by jtron's ghost

Illustrated notes

Levels and vault maps discovered:
D:1:      spicycebolla_green_bress_n_ham, layout_loops_ring
D:2:      layout_loops_ring, basic_altar, shapermc_ecumenical_altar_petra
D:3:      layout_basic, gammafunk_ghost_split, portal_sewer_entry_a,
          serial_shops, nicolae_shop_behind_doors, minivault_24,
          minmay_quadrilaterals
D:4:      layout_basic, gammafunk_temple_overflow_wave, serial_shops, shop,
          minmay_manual_mandibuliform
D:5:      layout_layer_cave, gammafunk_ghost_arena, uniq_pikel

Skill      XL: |  1  2  3  4  5  6  7  8 |
---------------+-------------------------+-----
Stealth        | 3 4 5 6 |  6.7
Dodging        | 3 4 |  4.6
Spellcasting   | 3 4 |  4.2
Summonings     | 5 6 |  6.0
Fire Magic     | 1 |  1.0
Fighting       | 1 2 |  2.3
Polearms       | 1 2 |  2.2
Shields        | 1 2 |  2.4
Translocations | 1 2 |  2.0

Action                     |  1- 3 |  4- 6 |  7- 9 || total
---------------------------+-------+-------+-------++-------
  Melee: Unarmed           |    26 |       |       ||    26
         Constrict         |    20 |    11 |    14 ||    45
         Tentacles         |    20 |     8 |    12 ||    40
         Punch             |     2 |       |     1 ||     3
         Spear             |    65 |    90 |       ||   155
         Trident           |       |    15 |    80 ||    95
         Pseudopods        |       |       |     7 ||     7
   Cast: Summon Small Mamm |    26 |     5 |     5 ||    36
         Call Imp          |    10 |    17 |    14 ||    41
         Call Canine Famil |       |    11 |    12 ||    23
 Invoke: Oozemancy         |       |       |     1 ||     1
    Use: Scroll            |       |     2 |     1 ||     3
         Potion            |       |     1 |       ||     1
   Stab: Sleeping          |    12 |     5 |     4 ||    21
         Distracted        |     1 |     1 |       ||     2
 Armour: Skin              |     5 |     5 |     3 ||    13
  Dodge: Dodged            |    31 |    37 |    31 ||    99
  Block: Buckler           |     3 |    12 |    15 ||    30
